 Dungeon Crawl Stone Soup version 0.14-a0-932-g154aeca (webtiles) character file.

4129 Luchsli the Carver (level 10, -3/85 HPs)
             Began as a Hill Orc Fighter on Nov 18, 2013.
             Slain by an orc warrior
             ... wielding a +1,+1 orcish short sword of holy wrath
              (5 damage)
             ... on Level 10 of the Dungeon.
             The game lasted 01:00:02 (8461 turns).

Luchsli the Carver (Hill Orc Fighter)               Turns: 8461, Time: 01:00:02

HP  -3/85        AC 16     Str 23      XL: 10   Next: 25%
MP   9/9         EV 10     Int  9      God:
Gold 49          SH 23     Dex 10      Spells:  0 memorised,  9 levels left

Res.Fire  : . . .   See Invis. : .   E - +9,+7 falchion "Nuejyid" {speed, Str+1 Dex-1 Int+1}
Res.Cold  : . . .   Warding    : .   H - +0 plate armour
Life Prot.: + . .   Conserve   : .   c - +0 orc shield
Res.Poison: .       Res.Corr.  : .   l - +0 helmet
Res.Elec. : .       Clarity    : .   (no cloak)
Sust.Abil.: . .     Spirit.Shd : .   k - +0 pair of gauntlets
Res.Mut.  : .       Stasis     : .   g - +0 pair of boots
Res.Rott. : .       Flight     : .   (no amulet)
Saprovore : + . .                    h - ring of positive energy
                                     u - +6 ring of evasion

@: somewhat resistant to hostile enchantments, extremely unstealthy
A: claws 1, breathe flames 1, saprovore 1
a: Breathe Fire


You were on level 10 of the Dungeon.
You were not hungry.

You visited 1 branch of the dungeon, and saw 8 of its levels.

You collected 370 gold pieces.
You spent 321 gold pieces at shops.

Inventory:

Hand weapons
 e - a +0,+2 scythe of venom
 o - a +2,+2 whip of freezing
 r - a +2,+1 short sword of speed
 E - the +9,+7 falchion "Nuejyid" (weapon) {speed, Str+1 Dex-1 Int+1}
   (You found it on level 4 of the Dungeon)

   Attacks with this weapon take half as long, but cause slightly less damage.
   It affects your strength (+1).
   It affects your intelligence (+1).
   It affects your dexterity (-1).
 G - a +3,+3 dagger of chaos
Armour
 c - a +0 orcish shield (worn)
 g - a +0 pair of boots (worn)
 k - a +0 pair of gauntlets (worn)
 l - a +0 helmet (worn)
 H - a +0 plate armour (worn)
Magical devices
 C - a wand of random effects (4) {unknown}
 D - a wand of enslavement (19) {unknown}
 I - a wand of magic darts (13) {unknown}
Comestibles
 d - a choko
 p - 4 bread rations
 s - 2 apples
 t - a slice of pizza
 v - 2 royal jellies
 w - 3 cheeses
 x - 2 honeycombs
 B - 6 meat rations
 J - a snozzcumber
 K - 13 grapes
Scrolls
 a - a scroll of brand weapon
 f - a scroll of fear
 j - a scroll of teleportation
 M - a scroll of remove curse
Jewellery
 b - an uncursed ring of positive energy
 h - a ring of positive energy (right hand)
 u - a +6 ring of evasion (left hand)
 y - a cursed ring of teleportation
 z - an uncursed amulet of resist corrosion {unknown}
Potions
 i - 3 potions of curing
 m - 3 potions of restore abilities
 q - a potion of brilliance


   Skills:
 * Level 8.0 Fighting
 * Level 8.2 Long Blades
   Level 3.6 Axes
 * Level 6.5 Armour
 * Level 5.7 Dodging
 + Level 0.1 Stealth
 + Level 7.5 Shields


You had 9 spell levels left.
You didn't know any spells.

Dungeon Overview and Level Annotations

Branches:
Dungeon (10/16)
 Temple: D:4-7          Orc: D:6-11        Lair: D:8-13

Altars:
Elyvilon
Kikubaaqudgha
Nemelex Xobeh
Sif Muna
Xom
Yredelemnul

Shops:
D:4 }   D:5 *


Innate Abilities, Weirdness & Mutations

You can tolerate rotten meat.
You have sharp fingernails.
You can breathe flames.


Message History

* * * LOW HITPOINT WARNING * * *
You hit the orc warrior.
The orc warrior is heavily wounded.
You block the goliath beetle zombie's attack.
You closely miss the orc warrior.
The orc warrior is heavily wounded.
The orc warrior hits you but does no damage.
You hit the goliath beetle zombie.
The orc warrior hits you with an orcish halberd.
* * * LOW HITPOINT WARNING * * *
You hit the orc warrior.
The orc warrior is heavily wounded.
You block the orc warrior's attack.
You hit the orc warrior.
The orc warrior is severely wounded.
You block the orc warrior's attack.
You hit the orc warrior.
The orc warrior is almost dead.
The orc warrior hits you with a glowing orcish short sword.
You die...

#.### (###....#
.........#
≈;≈≈≈≈8..#
≈≈≈≈8≈..#
#########'.≈≈.#
.........#.≈≈.#
........)o##≈≈.#
8....o..z@[....#
.........o##;≈.#
.........#o≈≈.###
#########'.≈≈...#
≈≈≈≈≈≈≈≈8≈..?#
≈≈≈≈≈≈≈≈≈8...#
..%......))..#
.###......)..#
#.........#


You could see a giant goldfish, 2 orc warriors, an orc and a goliath beetle
zombie.

Vanquished Creatures
  Pikel (D:8)
  An item mimic (D:9)
  Psyche (D:8)
  Prince Ribbit (D:8)
  A sky beast (D:8)
  A deep elf fighter (D:9)
  A naga (D:9)
  2 orc warriors
  A necrophage (D:9)
  An ice beast (D:9)
  A slave (D:8)
  3 ogres
  2 centaurs (D:9)
  Sigmund (D:4)
  A water moccasin (D:9)
  3 giant frogs
  A quasit (D:9)
  A goliath beetle (D:9)
  6 crimson imps
  4 hounds
  A giant frog zombie (D:9)
  A jelly (D:8)
  2 orc priests
  2 iguanas
  3 scorpions
  6 orc wizards
  4 worker ants
  An ogre skeleton (D:4)
  A worker ant zombie (D:9)
  7 gnolls
  7 adders
  2 giant mites
  A worm (D:5)
  A giant eyeball (D:10)
  3 giant geckos
  An ooze (D:3)
  29 orcs
  3 giant cockroaches
  13 hobgoblins
  15 kobolds
  A quokka (D:3)
  2 ball pythons
  13 bats
  8 giant newts
  12 goblins
  2 hobgoblin skeletons (D:4)
  A kobold skeleton (D:4)
  2 orc skeletons
  14 rats
  2 plants (D:8)
194 creatures vanquished.

Vanquished Creatures (others)
  3 slaves (D:8)
  A two-headed ogre zombie (D:8)
  A human (D:9)
  2 orcs (D:8)
  A hobgoblin (D:8)
  A goblin (D:8)
  A rat (D:8)
10 creatures vanquished.

Grand Total: 204 creatures vanquished

Notes
Turn   | Place    | Note
--------------------------------------------------------------
     0 | D:1      | Luchsli, the Hill Orc Fighter, began the quest for the Orb.
     0 | D:1      | Reached XP level 1. HP: 19/19 MP: 0/0
    74 | D:1      | Reached XP level 2. HP: 24/26 MP: 1/1
   303 | D:1      | Reached skill level 4 in Fighting
  1026 | D:2      | Reached XP level 3. HP: 31/33 MP: 2/2
  1507 | D:2      | Reached skill level 1 in Dodging
  1510 | D:2      | Reached XP level 4. HP: 38/40 MP: 3/3
  2241 | D:3      | Found a sparkling altar of Nemelex Xobeh.
  2276 | D:3      | Found a sparkling altar of Nemelex Xobeh.
  3548 | D:3      | You fall through a shaft!
  3598 | D:4      | Got a jewelled falchion
  3599 | D:4      | Identified the cursed +9,+7 falchion "Nuejyid" {speed, Str+1 Dex-1 Int+1} (You found it on level 4 of the Dungeon)
  3599 | D:4      | Identified the cursed +9,+7 falchion "Nuejyid" {speed, Str+1 Dex-1 Int+1} (You found it on level 4 of the Dungeon)
  3641 | D:4      | Reached XP level 5. HP: 41/46 MP: 4/4
  3797 | D:4      | Noticed Sigmund
  3810 | D:4      | Killed Sigmund
  3810 | D:4      | Reached skill level 1 in Long Blades
  3810 | D:4      | Reached XP level 6. HP: 44/53 MP: 5/5
  4534 | D:4      | Found Neogimm's Gadget Emporium.
  4723 | D:4      | Gained mutation: You have sharp fingernails. [potion of beneficial mutation]
  4725 | D:5      | Entered Level 5 of the Dungeon
  4725 | D:5      | Found Ytuic's Elemental Accessories.
  4737 | D:5      | Reached skill level 5 in Fighting
  4741 | D:5      | Reached XP level 7. HP: 50/60 MP: 6/6
  4889 | D:5      | Reached skill level 5 in Shields
  5211 | D:5      | You fall through a shaft!
  5308 | D:8      | Noticed Pikel
  5362 | D:8      | Killed Pikel
  5362 | D:8      | Reached XP level 8. HP: 17/68 MP: 7/7
  5551 | D:8      | Reached skill level 5 in Armour
  5554 | D:8      | Noticed Psyche
  5576 | D:8      | Killed Psyche
  5576 | D:8      | Reached skill level 6 in Fighting
  5613 | D:8      | Noticed Prince Ribbit
  5630 | D:8      | Killed Prince Ribbit
  5630 | D:8      | Reached skill level 5 in Long Blades
  5635 | D:8      | Reached XP level 9. HP: 35/75 MP: 8/8
  5765 | D:8      | Reached skill level 5 in Dodging
  5826 | D:8      | Found a deep blue altar of Sif Muna.
  5835 | D:8      | Found a basalt altar of Yredelemnul.
  5836 | D:8      | Found a white marble altar of Elyvilon.
  6531 | D:9      | Reached skill level 7 in Fighting
  6990 | D:9      | Killed a leather armour mimic
  7153 | D:9      | Reached XP level 10. HP: 84/84 MP: 9/9
  7426 | D:9      | Found an ancient bone altar of Kikubaaqudgha.
  7449 | D:9      | Gained mutation: Your body is slowly deteriorating. [potion of mutation]
  7449 | D:9      | Lost mutation: Your body is slowly deteriorating. [potion of mutation]
  7449 | D:9      | Gained mutation: You can breathe flames. [potion of mutation]
  7710 | D:9      | Found Pnainon's Food Shoppe.
  7926 | D:9      | Reached skill level 8 in Long Blades
  8193 | D:9      | Bought a choko for 5 gold pieces
  8193 | D:9      | Bought a slice of pizza for 25 gold pieces
  8193 | D:9      | Bought a meat ration for 56 gold pieces
  8193 | D:9      | Bought a bread ration for 56 gold pieces
  8193 | D:9      | Bought a meat ration for 56 gold pieces
  8193 | D:9      | Bought a meat ration for 56 gold pieces
  8193 | D:9      | Bought a bread ration for 56 gold pieces
  8193 | D:9      | Bought an apple for 11 gold pieces
  8315 | D:10     | Entered Level 10 of the Dungeon
  8321 | D:10     | Found a shimmering altar of Xom.
  8323 | D:10     | Found a shimmering altar of Xom.
  8323 | D:10     | Found a shimmering altar of Xom.
  8324 | D:10     | Found a shimmering altar of Xom.
  8328 | D:10     | Found a shimmering altar of Xom.
  8329 | D:10     | Found a shimmering altar of Xom.
  8329 | D:10     | Noticed a guardian serpent
  8345 | D:10     | Noticed a black mamba
  8345 | D:10     | a grizzly bear changed into a black mamba
  8458 | D:10     | HP: 1/85 [orc warrior/orcish halberd (4)]
  8461 | D:10     | Slain by an orc warrior

Action                   |  1- 3 |  4- 6 |  7- 9 | 10-12 || total
-------------------------+-------+-------+-------+-------++-------
Melee: Hand axe          |    96 |    84 |       |       ||   180
       Short sword       |     8 |       |       |       ||     8
       Falchion          |       |    99 |   380 |   175 ||   654
  Use: Scroll            |     3 |     9 |     4 |     3 ||    19
       Potion            |       |     1 |     2 |    10 ||    13
